 Dungeon Crawl Stone Soup version 0.31-a0-1098-g6898e6545c (webtiles) character file.

Game seed: 1231459981285585511

5182 kae the Covert (level 10, -4/74 HPs)
             Began as a Demonspawn Enchanter on Nov 30, 2023.
             Was an Initiate of Dithmenos.
             Shot with a sling bullet by Joseph (9 damage)
             ... on level 7 of the Dungeon.
             The game lasted 00:06:34 (6031 turns).

kae the Covert (Demonspawn Enchanter)               Turns: 6031, Time: 00:06:34

Health: -4/74      AC:  9    Str: 11    XL:     10   Next: 34%
Magic:  15/18      EV: 17    Int: 17    God:    Dithmenos [......]
Gold:   307        SH:  0    Dex: 14    Spells: 11/19 levels left

rFire   . . .        a - +1 dagger (spect)
rCold   . . .        (no shield)
rNeg    . . .        p - +0 troll leather armour
rPois   .            (no helmet)
rElec   .            g - +0 cloak
rCorr   .            (no gloves)
SInv    .            l - +0 pair of boots
Will    .....        k - amulet of magic regeneration
Stlth   ++++         E - +5 ring of evasion
HPRegen 1.12/turn    O - +4 ring of protection
MPRegen 0.56/turn

%: no passive effects
@: very slightly contaminated, studying Staves
A: demonic guardian 2, ignite blood 2, demonic touch 2
a: Renounce Religion


You were on level 7 of the Dungeon.
You worshipped Dithmenos.
Dithmenos was noncommittal.
You visited 2 branches of the dungeon, and saw 9 of its levels.
You also visited: Ossuary.

You collected 505 gold pieces.
You spent 198 gold pieces at shops.


Innate Abilities, Weirdness & Mutations

A demonic guardian rushes to your aid.
Your demonic aura often causes spilled blood to erupt in flames.
Your touch may inflict irresistible damage on your foes.


   Skills:
 + Level 5.3 Fighting
 * Level 7.1 Short Blades
 - Level 2.0 Dodging
 * Level 8.2 Stealth
 + Level 5.4 Spellcasting
 + Level 6.1 Hexes
 + Level 4.4 Ice Magic


You had 11 spell levels left.
You knew the following spells:

 Your Spells              Type           Power      Damage    Failure   Level
a - Ensorcelled Hibernat  Hex/Ice        44%        N/A       3%          2
b - Confusing Touch       Hex            25%        N/A       4%          3
c - Tukima's Dance        Hex            25%        N/A       4%          3

Your spell library contained the following spells:

 Spells                   Type           Power      Damage    Failure   Level
 Ozocubu's Armour         Ice            19%        N/A       9%          3
 Dazzling Flash           Conj/Hex       30%        N/A       16%         3
 Sublimation of Blood     Necr           4%         N/A       26%         2
 Olgreb's Toxic Radiance  Pois           4%         N/A       87%         4
 Petrify                  Tmut/Erth      4%         N/A       87%         4
 Irradiate                Conj/Tmut      2%         3d12      99%         5
 Ozocubu's Refrigeration  Ice            9%         4d9       100%        7
 Discord                  Hex            12%        N/A       100%        8
 Ignition                 Fire           2%         3d3       100%        8

Inventory:

Hand Weapons
 a - a +1 spectral dagger (weapon)
Missiles
 m - 78 stones
 n - 10 javelins
 t - a throwing net {=f!f}
 v - 4 darts of dispersal {=f!f}
 D - 2 boomerangs
Armour
 b - a +0 robe
 g - a +0 cloak (worn)
   (You found it on level 3 of the Dungeon)
 l - a +0 pair of boots (worn)
   (You found it on level 4 of the Dungeon)
 p - a +0 troll leather armour (worn)
   (You found it on level 5 of the Dungeon)
Jewellery
 e - a +5 ring of evasion
   (You found it on level 2 of the Dungeon)
 i - a +6 ring of intelligence
   (You found it on level 8 of the Dungeon)
 k - an amulet of magic regeneration (around neck)
   (You found it on level 3 of the Dungeon)
 C - a ring of ice
   (You found it on level 5 of the Dungeon)
 E - a +5 ring of evasion (left hand)
   (You found it on level 1 of the Dungeon)
 I - a +6 ring of intelligence
   (You found it on level 3 of the Dungeon)
 O - a +4 ring of protection (right hand)
   (You found it on level 2 of the Dungeon)
 S - a +6 ring of strength
   (You found it in an ossuary)
Wands
 y - a wand of polymorph (15)
   (You found it on level 7 of the Dungeon)
 F - a wand of digging (4)
   (You found it on level 6 of the Dungeon)
Scrolls
 f - 3 scrolls of teleportation {@r4}
 u - 5 scrolls of fear
 w - 3 scrolls of poison {!r}
 B - a scroll of blinking {!r}
 G - a scroll of vulnerability {!r!r}
 H - a scroll of identify {@r1}
 J - a scroll of enchant armour
 K - a scroll of enchant weapon {unknown}
Potions
 c - 3 potions of invisibility
 d - 9 potions of curing {unknown}
 h - a potion of lignification {!q}
 j - 4 potions of magic
 o - 3 potions of mutation {!q}
 q - 3 potions of degeneration {!q}
 r - 2 potions of resistance
 s - 2 potions of haste {@q3}
 x - 2 potions of ambrosia
 z - a potion of attraction {!q}
 A - 2 potions of enlightenment {unknown}
 L - a potion of heal wounds {unknown}

Dungeon Overview and Level Annotations

Branches:
Dungeon (8/15) Zot: 26226  Temple (1/1) D:7 Zot: 5985 Ossuary (visited)
   Lair: D:8-11

Altars:
Ashenzari
Cheibriados
Dithmenos
Fedhas
Gozag
Hepliaklqana
Kikubaaqudgha
Makhleb
Nemelex Xobeh
Okawaru
Qazlal
Ru
Sif Muna
Trog
Uskayaw
Vehumet
Wu Jian
Xom
Yredelemnul

Shops:
D:8 ?

Annotations:
D:2 1 runed translucent door, Crazy Yiuf
D:7 Joseph

...#.#.#.#.
.......(....
##.#.#.#.#...
#..@......... #
..#.#. .#...
.##.#...4 ......
#.
$o..5.#.##......
..
#.$....@........
#.
....###.†)......
# # #☼†)......
#(........
.......... .
.#......... .
#######.#### .
.# . .#


You could see Joseph (ally target), a white imp, an orc and a friendly ice devil
(summoned).


Message History

Unknown command.
You hit Menkaure.
You touch Menkaure!
Your +1 spectral dagger hits Menkaure but does no damage. 😕 HP[+1] MP[+1]
You hit Menkaure.
Your +1 spectral dagger hits Menkaure.
The gnoll sergeant barely misses you. The howler monkey misses you.
Menkaure barely misses your +1 spectral dagger.
You hit Menkaure but do no damage.
Your +1 spectral dagger hits Menkaure.
The howler monkey hits you but does no damage.
The gnoll sergeant barely misses you. Menkaure closely misses you.
Menkaure hits himself. 😕 HP[+1]
You catch the helpless Menkaure completely off-guard!
You impale Menkaure!!
You destroy Menkaure!
Dithmenos accepts your kill.
Your +1 spectral dagger disappears.
The howler monkey barely misses you. 😕 HP[+1] MP[+1]
Your mp is fully restored (18).
You hit the howler monkey.
Your +1 spectral dagger hits the howler monkey.
Joseph unwields a +0 quarterstaff.
Joseph wields a +2 heavy sling.
Joseph shoots a sling bullet.
The sling bullet misses you.
The sling bullet hits the howler monkey!!
The howler monkey dies!
A white imp comes into view.
The gnoll sergeant hits you from afar with a +1 vampiric trident. 😕 HP[-2]
You take 2 damage, and now have 68/74 hp.
You swap places.
Your +1 spectral dagger disappears.
The gnoll sergeant misses you. 😕 HP[+1]
You hit the gnoll sergeant but do no damage.
Your +1 spectral dagger hits the gnoll sergeant but does no damage.
Joseph shoots a sling bullet.
The sling bullet closely misses you. The white imp gestures at you.
The puff of frost hits you.
The gnoll sergeant hits you with a +1 vampiric trident! 😕 HP[-10]
You take 10 damage, and now have 59/74 hp.
Casting: Confusing Touch (dangerous; 4% risk of failure)
Confirm with . or Enter, or press ? or * to list all spells.
Aiming: Ensorcelled Hibernation (safe; 3% risk of failure)
Press: ? - help, Shift-Dir - straight line, f - gnoll sergeant
Aim: a gnoll sergeant, wielding a +1 vampiric trident and wearing a +0 ring mail (chance to affect: 54%)
You miscast Ensorcelled Hibernation.
You are very lightly contaminated with residual magic.
Nothing appears to happen.
Your +1 spectral dagger disappears.
The white imp gestures at you. The puff of frost misses you.
The gnoll sergeant hits you with a +1 vampiric trident!
Joseph shoots a sling bullet.
The sling bullet hits you. 😮 HP[-12] MP[-2]
You take 12 damage, and now have 47/74 hp.
You lost 2 mp, and now have 16/18 mp.
Casting: Ensorcelled Hibernation (safe; 3% risk of failure)
Confirm with . or Enter, or press ? or * to list all spells.
Aiming: Ensorcelled Hibernation (safe; 3% risk of failure)
Press: ? - help, Shift-Dir - straight line, f/p - gnoll sergeant
Aim: a gnoll sergeant, wielding a +1 vampiric trident and wearing a +0 ring mail (chance to affect: 54%)
The gnoll sergeant resists with significant effort.
The gnoll sergeant hits you with a +1 vampiric trident! 😮 HP[-8] MP[-1]
You take 8 damage, and now have 39/74 hp.
You lost 1 mp, and now have 15/18 mp.
Unknown command.
Casting: Ensorcelled Hibernation (safe; 3% risk of failure)
Confirm with . or Enter, or press ? or * to list all spells.
Aiming: Ensorcelled Hibernation (safe; 3% risk of failure)
Press: ? - help, Shift-Dir - straight line, f/p - gnoll sergeant
Aim: a gnoll sergeant, wielding a +1 vampiric trident and wearing a +0 ring mail (chance to affect: 54%)
The gnoll sergeant looks drowsy...
Joseph shoots a sling bullet.
The sling bullet hits you!!
* * * LOW HITPOINT WARNING * * *
😱 HP[-21] MP[-2]
You take 21 damage, and now have 18/74 hp.
MASSIVE DAMAGE!! (PAUSE)
You lost 2 mp, and now have 13/18 mp.
The helpless gnoll sergeant fails to defend itself.
You skewer the gnoll sergeant like a kebab!!!
You kill the gnoll sergeant!
Dithmenos accepts your kill. 😨 HP[+1] MP[+1] Unknown command.
An orc comes into view.
It is wielding a +2 trident of freezing.
Joseph shoots a sling bullet.
The sling bullet hits you!
* * * LOW HITPOINT WARNING * * *
A demonic guardian appears!
There is a stone staircase leading down, spattered with blood here. 😱 HP[-12]
You take 12 damage, and now have 7/74 hp.
Unknown command.
The white imp gestures at you. The puff of frost hits you.
* * * LOW HITPOINT WARNING * * *
Joseph shoots a sling bullet.
The sling bullet hits you!
You die...

Skill      XL: |  1  2  3  4  5  6  7  8  9 10 |
---------------+-------------------------------+-----
Short Blades   | 1 2 3 4 5 6 7 |  7.1
Stealth        | 3 4 5 6 7 8 |  8.2
Dodging        | 2 |  2.0
Fighting       | 1 2 3 4 5 |  5.3
Ice Magic      | 1 2 3 4 |  4.4
Spellcasting   | 3 4 5 |  5.4
Hexes          | 4 5 6 |  6.1

Action                     |  1- 3 |  4- 6 |  7- 9 | 10-12 || total
---------------------------+-------+-------+-------+-------++-------
  Melee: Dagger            |   140 |   149 |   376 |    75 ||   740
         Touch             |       |    34 |    75 |    14 ||   123
         Punch             |       |       |     4 |     1 ||     5
   Cast: Ensorcelled Hiber |       |       |    23 |     3 ||    26
         Confusing Touch   |       |       |     4 |     2 ||     6
    Use: Scroll            |       |    11 |     4 |     6 ||    21
   Stab: Sleeping          |     6 |     5 |    15 |     8 ||    34
         Distracted        |     1 |     3 |     2 |     1 ||     7
         Paralysed         |       |       |     4 |       ||     4
         Confused          |       |       |     1 |     1 ||     2
 Armour: Robe              |    60 |    47 |    13 |       ||   120
         Troll leather arm |       |       |   167 |    38 ||   205
  Dodge: Dodged            |   114 |   146 |   281 |    74 ||   615

Levels and vault maps discovered:
D:1:      scummos_arrival_simple_crosswalls, layout_rooms
D:2:      layout_basic, uniq_robin, uniq_crazy_yiuf_cottage
D:3:      layout_rooms, shapermc_ecumenical_altar_totnotflames,
          kennysheep_doodads, moated_statue
D:4:      layout_rooms, general_overflow_altar, mainiacjoe_overflow_paths,
          serial_demonic, serial_demonic_a, serial_demonic_a, serial_demonic_a,
          serial_demonic_c, uniq_natasha
D:5:      layout_loops_ring, nicolae_qazlal_style_of_elements, kennysheep_mini,
          fedhas_altar_2, mainiacjoe_overflow_tiny_flanked,
          mainiacjoe_ossuary_entry_find_the_door, nicolae_half_adder
D:6:      layout_loops_corners, kennysheep_little_box, amcnicky_altar_gilded
D:7:      layout_basic, minmay_temple_entry_gardened_gates,
          serial_co_window_serial, co_window_paths_b, co_window_cross_1,
          co_window_of_opportunity_a, co_window_paths_a, co_window_paths_b,
          co_window_corner_ca, co_window_broadway_a, co_window_2corner,
          glass_columns_a, glass_columns_c, glass_columns_a, glass_columns_c,
          chequers_jeans, uniq_menkaure, uniq_joseph
D:8:      layout_loops_ring, trog_hazing_becter, serial_shops, shop
Temple:   nicolae_temple_ecumenical_triangle

Notes
Turn   | Place    | Note
-------+----------+-------------------------------------------
     0 | D:1      | kae the Demonspawn Enchanter began the quest for the Orb.
     0 | D:1      | Reached XP level 1. HP: 13/13 MP: 3/3
     0 | D:1      | magus.rc [v1.11.3]
    15 | D:1      | You pick up a book of Alchemy and begin reading...
    15 | D:1      | You add the spells Sublimation of Blood, Petrify and
                  | Irradiate to your library.
    62 | D:1      | Reached skill level 1 in Short Blades
   174 | D:1      | Gained mutation: A weak demonic guardian rushes to your
                  | aid. [demonic ancestry]
   174 | D:1      | Reached XP level 2. HP: 19/20 MP: 5/5
   257 | D:1      | Reached skill level 3 in Stealth
   519 | D:2      | Gained mutation: A demonic guardian rushes to your aid.
                  | [demonic ancestry]
   519 | D:2      | Reached XP level 3. HP: 20/25 MP: 6/6
   521 | D:2      | Reached skill level 2 in Dodging
   596 | D:2      | Noticed Robin
   620 | D:2      | Reached skill level 1 in Fighting
   649 | D:2      | Killed Robin
   654 | D:2      | Learned a level 2 spell: Ensorcelled Hibernation
   658 | D:2      | Learned a level 3 spell: Confusing Touch
   714 | D:2      | Gained mutation: Your touch may inflict minor irresistible
                  | damage on your foes. [demonic ancestry]
   714 | D:2      | Reached XP level 4. HP: 32/32 MP: 7/7
  1007 | D:2      | Found a runed translucent door.
  1008 | D:2      | Noticed Crazy Yiuf
  1244 | D:3      | Reached skill level 2 in Short Blades
  1251 | D:3      | Identified the +0 leather armour of Cecs {Drain rElec Str+8
                  | Slay-6}
  1383 | D:3      | You add the spells Ozocubu's Armour and Ozocubu's
                  | Refrigeration to your library.
  1543 | D:3      | Found a faded altar of an unknown god.
  1589 | D:3      | Reached XP level 5. HP: 37/37 MP: 8/8
  1638 | D:3      | Learned a level 3 spell: Tukima's Dance
  1861 | D:4      | Noticed Natasha
  1936 | D:4      | Killed Natasha
  1945 | D:4      | Reached skill level 4 in Stealth
  1946 | D:4      | Reached skill level 1 in Ice Magic
  1951 | D:4      | Reached XP level 6. HP: 27/44 MP: 10/10
  1951 | D:4      | Noticed Natasha
  1955 | D:4      | Killed Natasha
  1959 | D:4      | Reached skill level 2 in Fighting
  1980 | D:4      | Noticed Natasha
  1984 | D:4      | Killed Natasha
  1985 | D:4      | Reached skill level 3 in Short Blades
  2029 | D:4      | Found a hide-covered altar of Uskayaw.
  2052 | D:4      | Reached skill level 3 in Spellcasting
  2212 | D:4      | Found a basalt altar of Yredelemnul.
  2436 | D:5      | Entered Level 5 of the Dungeon
  2448 | D:5      | Gained mutation: Your touch may inflict irresistible damage
                  | on your foes. [demonic ancestry]
  2448 | D:5      | Reached XP level 7. HP: 50/51 MP: 11/11
  2459 | D:5      | Reached skill level 4 in Hexes
  2481 | D:5      | Found an ancient bone altar of Kikubaaqudgha.
  2519 | D:5      | Noticed a troll
  2525 | D:5      | Killed a troll
  2526 | D:5      | Reached skill level 4 in Short Blades
  2526 | D:5      | Reached skill level 5 in Stealth
  2526 | D:5      | Reached skill level 2 in Ice Magic
  2591 | D:5      | HP: 1/51 [ogre/+0 giant spiked club (30)]
  2594 | D:5      | Reached skill level 3 in Fighting
  2594 | D:5      | Gained mutation: Your demonic aura sometimes causes spilled
                  | blood to erupt in flames. [demonic ancestry]
  2594 | D:5      | Reached XP level 8. HP: 2/58 MP: 8/13
  2624 | D:5      | HP: 7/58 [iguana (3)]
  2626 | D:5      | HP: 2/58 [iguana (6)]
  2629 | D:5      | Found a sand-covered staircase.
  2642 | Ossuary  | Entered an ossuary
  2936 | Ossuary  | Reached skill level 4 in Spellcasting
  2997 | Ossuary  | Reached skill level 6 in Stealth
  3018 | Ossuary  | Reached skill level 5 in Short Blades
  3024 | Ossuary  | Reached skill level 3 in Ice Magic
  3265 | D:5      | Found a shimmering altar of Xom.
  3288 | D:5      | Reached skill level 5 in Hexes
  3322 | D:5      | Found a stormy altar of Qazlal.
  3325 | D:5      | Noticed an air elemental
  3396 | D:5      | Found a blossoming altar of Fedhas.
  3526 | D:5      | Gained mutation: Your demonic aura often causes spilled
                  | blood to erupt in flames. [demonic ancestry]
  3526 | D:5      | Reached XP level 9. HP: 65/65 MP: 15/15
  3543 | D:5      | Reached skill level 4 in Fighting
  3928 | D:6      | a shapeshifter changed into a cane toad
  3928 | D:6      | Noticed a cane toad (shapeshifter)
  3939 | D:6      | Killed a cane toad
  3944 | D:6      | Reached skill level 7 in Stealth
  4019 | D:6      | Reached skill level 6 in Short Blades
  4324 | D:6      | Reached skill level 5 in Spellcasting
  4324 | D:6      | Reached skill level 4 in Ice Magic
  4668 | D:6      | Found an iron altar of Okawaru.
  4671 | D:6      | Found a broken altar of Ashenzari.
  4699 | D:6      | Reached XP level 10. HP: 48/73 MP: 17/17
  4708 | D:6      | Reached skill level 5 in Fighting
  5038 | D:7      | Found a staircase to the Ecumenical Temple.
  5116 | Temple   | Entered the Ecumenical Temple
  5123 | Temple   | Became a worshipper of Dithmenos the Shadowed
  5246 | D:7      | You fall into a shaft and drop 1 floor!
  5290 | D:8      | Found Imiuseq's Magic Scroll Emporium.
  5300 | D:8      | Bought a scroll of identify for 24 gold pieces
  5300 | D:8      | Bought a scroll of identify for 24 gold pieces
  5300 | D:8      | Bought a scroll of identify for 24 gold pieces
  5300 | D:8      | Bought a scroll of teleportation for 36 gold pieces
  5300 | D:8      | Bought a scroll of enchant armour for 90 gold pieces
  5319 | D:8      | You add the spells Olgreb's Toxic Radiance, Ignition and
                  | Discord to your library.
  5381 | D:8      | Reached skill level 8 in Stealth
  5411 | D:8      | Reached skill level 6 in Hexes
  5610 | D:8      | Reached skill level 7 in Short Blades
  5844 | D:8      | Found a bloodstained altar of Trog.
  5970 | D:7      | Noticed Menkaure
  6016 | D:7      | Noticed Joseph
  6022 | D:7      | Killed Menkaure
  6028 | D:7      | HP: 18/74 [Joseph/sling bullet (22)]
  6030 | D:7      | HP: 7/74 [Joseph/sling bullet (13)]
  6031 | D:7      | Shot with a sling bullet by Joseph

Vanquished Creatures
  A cane toad (shapeshifter) (D:6)
  3 yaks (D:6)
  A wyvern (D:8)
  3 steam dragons (D:8)
  Menkaure (D:7)
  2 water moccasins
  An orc warrior (D:8)
  A centaur (D:5)
  2 ogres (D:5)
  A phantom (D:6)
  3 bullfrogs
  A gnoll sergeant (D:7)
  11 scorpions
  12 wights (D:6)
  3 howler monkeys
  2 centaur zombies (Ossuary)
  2 hounds (D:5)
  A jelly (D:7)
  A quasit (D:4)
  A gnoll bouda (D:6)
  A human zombie (Ossuary)
  An orc priest (D:6)
  5 iguanas
  Natasha (twice) (D:4)
  4 orc wizards
  4 scorpion zombies
  A hound zombie (D:5)
  A hound skeleton (D:5)
  3 mummies (Ossuary)
  Robin (D:2)
  8 gnolls
  11 adders
  4 shadow imps
  4 white imps
  6 ufetubi
  2 adder zombies (D:5)
  A worm (D:3)
  3 dart slugs
  15 orcs
  9 endoplasms
  3 giant cockroaches
  A gnoll zombie (Ossuary)
  10 hobgoblins
  7 jackals
  12 kobolds
  5 quokkas
  A ball python (D:1)
  8 bats
  3 frilled lizards
  10 goblins
  5 goblin zombies (Ossuary)
  2 hobgoblin zombies (Ossuary)
  2 kobold zombies (Ossuary)
  3 orc zombies (Ossuary)
  6 rats
217 creatures vanquished.

Vanquished Creatures (collateral kills)
  A troll (D:5)
  A wight (D:6)
  Natasha (D:4)
  2 iguanas (D:4)
  A hound zombie (D:5)
  An adder (D:5)
  5 goblins (D:2)
  A jackal (D:2)
13 creatures vanquished.

Vanquished Creatures (others)
  A howler monkey (D:7)
1 creature vanquished.

Grand Total: 231 creatures vanquished

Table legend:
 A = Non-vault XP
 B = Vault XP
 C = Vault XP percentage of total XP
 D = Non-vault monster count
 E = Vault monster count
 F = Vault count percentage of total count
                 A         B        C        D         E       F
            +---------+---------+-------+---------+---------+-------
      Total |    5856 |    1547 |  20.9 |     158 |      73 |  31.6
            +---------+---------+-------+---------+---------+-------
        D:1 |      24 |       0 |   0.0 |      17 |       0 |   0.0
        D:2 |      46 |      39 |  45.9 |      19 |      13 |  40.6
        D:3 |     155 |      11 |   6.6 |      28 |       1 |   3.4
        D:4 |     220 |     161 |  42.3 |      11 |      10 |  47.6
        D:5 |    1084 |     181 |  14.3 |      21 |      12 |  36.4
        D:6 |    2915 |       0 |   0.0 |      38 |       0 |   0.0
        D:7 |     425 |     172 |  28.8 |      14 |       1 |   6.7
        D:8 |     987 |       9 |   0.9 |      10 |       6 |  37.5
    Ossuary |       0 |     974 | 100.0 |       0 |      30 | 100.0
            +---------+---------+-------+---------+---------+-------

Skill      XL: |  1  2  3  4  5  6  7  8  9 10 |
---------------+-------------------------------+-----
Short Blades   | 1 2 3 4 5 6 7 |  7.1
Stealth        | 3 4 5 6 7 8 |  8.2
Dodging        | 2 |  2.0
Fighting       | 1 2 3 4 5 |  5.3
Ice Magic      | 1 2 3 4 |  4.4
Spellcasting   | 3 4 5 |  5.4
Hexes          | 4 5 6 |  6.1

Action                     |  1- 3 |  4- 6 |  7- 9 | 10-12 || total
---------------------------+-------+-------+-------+-------++-------
  Melee: Dagger            |   140 |   149 |   376 |    75 ||   740
         Touch             |       |    34 |    75 |    14 ||   123
         Punch             |       |       |     4 |     1 ||     5
   Cast: Ensorcelled Hiber |       |       |    23 |     3 ||    26
         Confusing Touch   |       |       |     4 |     2 ||     6
    Use: Scroll            |       |    11 |     4 |     6 ||    21
   Stab: Sleeping          |     6 |     5 |    15 |     8 ||    34
         Distracted        |     1 |     3 |     2 |     1 ||     7
         Paralysed         |       |       |     4 |       ||     4
         Confused          |       |       |     1 |     1 ||     2
 Armour: Robe              |    60 |    47 |    13 |       ||   120
         Troll leather arm |       |       |   167 |    38 ||   205
  Dodge: Dodged            |   114 |   146 |   281 |    74 ||   615

Illustrated notes

Table legend:
 A = Kills in this place as a percentage of kills in the entire game.
 B = Kills by you in this place as a percentage of kills by you in the entire game.
 C = Kills by friends in this place as a percentage of kills by friends in the entire game.
 D = Other kills in this place as a percentage of other kills in the entire game.
 E = Experience gained in this place as a percentage of experience gained in the entire game.
 F = Experience gained in this place divided by the number of levels of this place that you have seen.
                   A       B       C       D       E      F
               +-------+-------+-------+-------+-------+----------------------
         Total | 100.0 | 100.0 | 100.0 | 100.0 | 100.0 | 740.3
       Dungeon |  87.0 |  86.2 | 100.0 | 100.0 |  86.8 | 803.6
       Ossuary |  13.0 |  13.8 |   0.0 |   0.0 |  13.2 | 974.0
               +-------+-------+-------+-------+-------+----------------------

Table legend: (Time is in decaauts)
 A = Elapsed time spent in this place.
 B = Non-inter-level travel time spent in this place.
 C = Inter-level travel time spent in this place.
 D = Time resting spent in this place.
 E = Time spent auto-exploring this place.
 F = Levels seen in this place.
 G = Mean time per level.
                   A        B        C        D        E       F      G
               +--------+--------+--------+--------+--------+-----+--------+
         Total |   5886 |   5656 |    230 |    233 |   3882 |  10 |  588.6 |
       Dungeon |   5347 |   5125 |    222 |     56 |   3733 |   8 |  668.4 |
        Temple |     14 |      7 |      7 |      0 |      0 |   1 |   14.0 |
       Ossuary |    523 |    523 |      0 |    177 |    149 |   1 |  523.0 |
               +--------+--------+--------+--------+--------+-----+--------+

Top non-repeatable levels by time:
     D:6: 1119 daAuts
     D:5: 795 daAuts
     D:8: 747 daAuts
     D:2: 733 daAuts
     D:3: 707 daAuts
 Ossuary: 523 daAuts
     D:4: 518 daAuts
     D:1: 455 daAuts
     D:7: 271 daAuts
  Temple: 14 daAuts
